 Dungeon Crawl Stone Soup version 0.27.1-33-g824d729ab1 (webtiles) character file.

Game seed: 2633904653839464117

28 sking99 the Vexing (level 2, 0/19 HPs)
             Began as a Demonspawn Enchanter on Dec 8, 2021.
             Was an Initiate of Gozag.
             Slain by an adder (4 damage)
             ... on level 2 of the Dungeon.
             The game lasted 00:02:39 (1721 turns).

sking99 the Vexing (Demonspawn Enchanter)           Turns: 1721, Time: 00:02:40

Health: 0/19       AC:  2    Str:  8    XL:     2   Next: 96%
Magic:  1/5        EV: 12    Int: 16    God:    Gozag
Gold:   166        SH:  0    Dex: 13    Spells: 2/5 levels left

rFire    . . .     SeeInvis .   a - +1 dagger
rCold    . . .     Faith    .   (no shield)
rNeg     . . .     Spirit   .   b - +0 robe
rPois    .         Reflect  .   (no helmet)
rElec    .         Harm     .   (no cloak)
rCorr    .         Rampage  .   (no gloves)
Will     .....                  (no boots)
Stlth    ++........             (no amulet)
HPRegen  0.06/turn              (no ring)
MPRegen  0.18/turn              (no ring)

@: very slightly contaminated
A: magic regeneration
a: Renounce Religion, Potion Petition, Call Merchant, Bribe Branch


You were on level 2 of the Dungeon.
You worshipped Gozag.
Gozag was aware of your devotion.
You visited 1 branch of the dungeon, and saw 2 of its levels.

You collected 166 gold pieces.

Inventory:

Hand Weapons
 a - a +1 dagger (weapon)
Armour
 b - a +0 robe (worn)
Jewellery
 c - an amulet of guardian spirit
Scrolls
 e - a scroll of torment {unknown}
 f - a scroll of identify {unknown}
 g - a scroll of enchant weapon {unknown}


   Skills:
 + Level 1.7 Short Blades
 - Level 1.7 Dodging
 + Level 3.0 Stealth
 + Level 2.2 Spellcasting
 + Level 3.2 Hexes
 * Level 0.0 Ice Magic


You had 2 spell levels left.
You knew the following spells:

 Your Spells              Type           Power      Damage    Failure   Level
a - Corona                Hex            13%        N/A       5%          1
b - Ensorcelled Hibernat  Hex/Ice        14%        N/A       16%         2

Your spell library contained the following spells:

 Spells                   Type           Power      Damage    Failure   Level
 Confusing Touch          Hex            12%        N/A       16%         3
 Tukima's Dance           Hex            12%        N/A       16%         3
 Dazzling Flash           Conj/Hex       14%        N/A       30%         3


Dungeon Overview and Level Annotations

Branches:
Dungeon (2/15)

Altars:
Gozag


Innate Abilities, Weirdness & Mutations

You regenerate magic rapidly.


Message History

Press: ? - help, Shift-Dir - straight line, f - adder
Aim: an adder (lightly wounded, chance to affect: 48%)
The adder resists with some effort.
You feel sick. The adder bites you. The adder closely misses you.
Casting: Ensorcelled Hibernation (safe; 16% risk of failure)
Confirm with . or Enter, or press ? or * to list all spells.
Aiming: Ensorcelled Hibernation (safe; 16% risk of failure)
Press: ? - help, Shift-Dir - straight line, f/p - adder
Aim: an adder (lightly wounded, chance to affect: 48%)
The adder resists with some effort.
You feel sick. The adder bites you but does no damage.
Casting: Ensorcelled Hibernation (safe; 16% risk of failure)
Confirm with . or Enter, or press ? or * to list all spells.
You don't have enough magic to cast this spell.
You feel sick.
You are no longer poisoned.
You see here a +0 club.
The adder barely misses you.
Casting: Ensorcelled Hibernation (safe; 16% risk of failure)
Confirm with . or Enter, or press ? or * to list all spells.
Aiming: Ensorcelled Hibernation (safe; 16% risk of failure)
Press: ? - help, Shift-Dir - straight line, f/p - adder
Aim: an adder (chance to affect: 48%)
You miscast Ensorcelled Hibernation.
You are very lightly contaminated with residual magic.
Nothing appears to happen.
The adder barely misses you. x2
You hit the adder.
The adder is lightly wounded.
The adder misses you.
You miss the adder.
The adder is lightly wounded.
The adder bites you but does no damage.
You closely miss the adder.
The adder is lightly wounded.
The adder barely misses you.
You hit the adder.
The adder is heavily wounded.
The adder closely misses you. The adder bites you.
You die...
Your body crumbles into a pile of gold.

###.....#.#
#...#......
###$.....##.#
#.g..###.#...
###..#.#[....(.
#.)....###.#J..
#g####.....##.#
#S# ##.#......
#####@##
#.....#.#
#......#
###.#.#|#
###.####.##
...#
#.........# #.
#...).....#
#.........#
#.<.......#
#.........#
#.........#


You could see an adder and a goblin.

Vanquished Creatures
  An adder (D:1)
  A dart slug (D:1)
  A ball python (D:2)
  An endoplasm (D:2)
  2 giant cockroaches (D:1)
  3 hobgoblins (D:1)
  2 kobolds (D:2)
  A bat (D:2)
  A frilled lizard (D:1)
  3 rats
16 creatures vanquished.

Notes
Turn   | Place    | Note
-------+----------+-------------------------------------------
     0 | D:1      | sking99 the Demonspawn Enchanter began the quest for the
                  | Orb.
     0 | D:1      | Reached XP level 1. HP: 13/13 MP: 3/3
    51 | D:1      | Reached skill level 1 in Short Blades
   450 | D:1      | Found a faded altar of an unknown god.
   494 | D:1      | Became a worshipper of Gozag Ym Sagoz the Greedy
   544 | D:1      | Gained mutation: You regenerate magic rapidly. [demonic
                  | ancestry]
   544 | D:1      | Reached XP level 2. HP: 19/19 MP: 5/5
  1291 | D:1      | Found an opulent altar of Gozag.
  1547 | D:1      | Learned a level 2 spell: Ensorcelled Hibernation
  1721 | D:2      | Slain by an adder

Illustrated notes

Levels and vault maps discovered:
D:1:      ncdulo_halloftheorcs, layout_rooms,
          hellmonk_ecumenical_altar_pennies_from_heaven
D:2:      layout_basic, serial_shops, shop, minmay_fractal_squares_5

Skill      XL: |  1  2 |
---------------+-------+-----
Short Blades   | 1 |  1.7
Stealth        | 3 |  3.0
Dodging        | |  1.7
Spellcasting   | |  2.2
Hexes          | |  3.2

Action                   || total
-------------------------++-------
Melee: Dagger            ||    71
 Cast: Corona            ||     4
       Ensorcelled Hiber ||     2
  Use: Scroll            ||     1
 Stab: Sleeping          ||     2
Armor: Robe              ||    14
Dodge: Dodged            ||    53
